AoeStats
← castilla_602

Pilgrims

510189184Analyzed
2v2 RM · 2d ago on Sep 29, 2026· 70m 0s· 4 players
Game mode
Random Map
Map size
Medium (4 player)
Population
200
Speed
Normal
Resources
Standard
Victory
Conquest
Starting age
Dark Age
Ending age
Imperial Age
RankedLock teamsTeams togetherTeam positionsShared explorationLock speedFull tech treeHidden civsTurbo modeCheats
Victory
Defeat
🇪🇸 Inca · Spain
326
+24
🇨🇲 Koreans · Cameroon
202
+27
🇨🇦 Franks · Canada
506
-26
🇦🇷 Vikings · Argentina
493
-25
RaGnAr
6:50 Feudal Age
22:47 Castle Age
31:21 Crossbowman
40:49 Imperial Age
43:09 Arbalester
51:15 Horse Collar
51:23 Double-Bit Axe
51:33 Gold Mining
55:14 Chemistry
765688104
12:58 Feudal Age
19:09 Double-Bit Axe
26:48 Castle Age
29:52 Bow Saw
39:48 Imperial Age
57:31 Horse Collar
60:44 Elite War Wagon
64:29 Chemistry
64:42 Two-Man Saw
FortifiedChicken
11:32 Feudal Age
11:39 Loom
12:11 Double-Bit Axe
13:00 Town Watch
14:12 Wheelbarrow
15:33 Gold Mining
15:30 Fishing Lines
18:31 Castle Age
17:33 Wheelbarrow
16:50 Fletching
16:54 Stone Mining
20:10 Bow Saw
21:02 Gold Shaft Mining
21:43 Hand Cart
21:34 Gillnets
26:15 Fervor
26:50 Town Patrol
27:17 Bodkin Arrow
28:50 Forging
28:41 Scale Mail Armor
28:43 Squires
28:28 Arson
28:03 Pikeman
29:57 Sanctity
29:33 Herbal Medicine
29:44 Herbal Medicine
31:26 Iron Casting
31:07 Chain Mail Armor
30:54 Husbandry
30:16 Light Cavalry
31:25 Scale Barding Armor
31:42 Ballistics
31:03 Treadmill Crane
31:45 Ballistics
31:36 Masonry
33:11 Murder Holes
33:27 Fortified Wall
33:08 Guard Tower
33:51 Coinage
33:21 Caravan
33:49 Devotion
34:09 Heresy
34:31 Chain Barding Armor
34:12 Padded Archer Armor
34:53 Careening
34:54 Clinker Construction
34:51 Siphons
34:57 Careening
35:03 Medium Warships
34:13 Demolition Ship
36:28 Leather Archer Armor
36:02 Gambesons
35:37 Man-at-Arms
39:27 Imperial Age
36:59 Ordonnance Companies
40:32 Heavy Warships
39:29 Heavy Demolition Ship
40:41 Banking
41:13 Chemistry
40:43 Architecture
40:19 Siege Engineers
40:00 Arrowslits
40:35 Dry Dock
40:36 Carvel Hull
40:39 Conscription
40:54 Hoardings
40:52 Plate Mail Armor
42:41 Blast Furnace
42:16 Plate Barding Armor
41:14 Crossbowman
41:14 Elite Skirmisher
41:18 Long Swordsman
43:15 Illumination
43:05 Block Printing
43:26 Theocracy
43:35 Cavalier
43:37 Halberdier
43:37 Two-Handed Swordsman
43:41 Cranequins
43:45 Capped Ram
43:46 Heavy Scorpion
44:49 Champion
44:51 Heavy Mounted Crossbowman
45:42 Paladin
45:43 Onager
47:18 Faith
46:40 Elite Throwing Axeman
47:38 Chivalry
68:16 Spies/Treason
castilla_602
14:51 Loom
17:59 Feudal Age
18:02 Man-at-Arms
20:07 Double-Bit Axe
22:38 Forging
22:31 Scale Mail Armor
28:13 Castle Age
30:19 Iron Casting
32:42 Stone Mining
32:47 Gold Mining
34:43 Long Swordsman
35:42 Chain Mail Armor
35:43 Squires
36:31 Scale Barding Armor
36:49 Town Watch
38:54 Horse Collar
43:07 Imperial Age
42:02 Chain Barding Armor
44:51 Town Patrol
45:53 Blast Furnace
Connection lost

Rejoining the realm…

Still unreachable

The connection could not be restored.

Session expired

The server has moved on; the page needs a fresh start.